Map: Ascension to Aiur LE

Players

liquidthermy (uThermal) - Winner!

  • Race: Terran Terran
  • League: Grandmaster
  • Spawn Location: 11:00

Cham

  • Race: Zerg Zerg
  • League: Grandmaster
  • Spawn Location: 5:00

VOD

Have the link to the VOD?

Description

Time

  • Played on: Jan. 13, 2018, 3:36 p.m.
  • Length: 13:57
Show
View Real Time Build Order
Export as new Build Order

liquidthermy Terran - Winner!

Build Orders: Reaper Expand, Bio Tank, Hellion Banshee 

Get SALT Encoding   

  12  0:02  SCV  
  14  0:14  SCV  
  14  0:17  Supply Depot  
  14  0:26  SCV  
  15  0:39  SCV  
  15  0:40  Barracks  
  16  0:43  Refinery  
  16  0:51  SCV  
  17  1:03  SCV  
  18  1:15  SCV  
  19  1:28  Orbital Command, Reaper  
  20  1:40  Command Center  
  20  1:53  SCV  
  21  1:58  Supply Depot  
  21  2:00  Reaper  
  22  2:05  SCV  
  23  2:19  SCV  
  24  2:24  Factory  
  24  2:31  SCV  
  25  2:39  Command Center  
  25  2:40  Barracks Reactor  
  25  2:43  SCV  
  26  2:51  Refinery  
  26  2:55  SCV  
  26  2:56  Orbital Command  
  27  3:08  SCV  
  28  3:17  Starport  
  28  3:20  SCV  
  28  3:21  Hellion x2  
  33  3:27  SCV  
  34  3:37  Barracks Tech Lab  
  34  3:38  SCV  
  34  3:39  SCV  
  34  3:42  Hellion x2  
  38  3:50  SCV  
  38  3:51  SCV  
  40  3:57  Orbital Command  
  40  4:01  Viking, Cloaking Field  
  42  4:03  SCV  
  42  4:04  SCV  
  42  4:07  Hellion  
  46  4:11  Hellion  
  46  4:15  SCV  
  46  4:16  Supply Depot  
  49  4:18  SCV  
  49  4:23  SCV  
  51  4:24  Barracks Tech Lab  
  51  4:27  SCV  
  51  4:30  SCV, Banshee  
  56  4:35  SCV  
  57  4:39  SCV  
  57  4:41  Supply Depot  
  57  4:42  SCV, Marine  
  57  4:43  Stimpack  
  60  4:50  Factory Reactor  
  61  4:52  SCV  
  61  4:53  Barracks  
  61  4:54  Barracks  
  61  4:55  SCV  
  61  4:59  Engineering Bay  
  62  5:00  Engineering Bay  
  62  5:01  Refinery  
  62  5:02  Refinery, Marine  
  62  5:05  SCV  
  65  5:07  SCV  
  65  5:08  Orbital Command  
  65  5:15  Barracks  
  65  5:17  SCV, Barracks  
  65  5:19  SCV  
  67  5:23  Supply Depot  
  67  5:28  Terran Infantry Armor Level 1, Terran Infantry Weapons Level 1  
  67  5:29  SCV  
  67  5:31  SCV  
  67  5:32  Supply Depot, Starport Reactor  
  67  5:33  Marine  
  70  5:38  SCV  
  70  5:41  SCV  
  72  5:43  SCV, Marine x2, Supply Depot  
  72  5:48  Siege Tank  
  78  5:50  SCV, Marine  
  78  5:51  Marine  
  78  5:53  SCV  
  78  5:54  Marine  
  78  5:55  SCV  
  84  6:00  Marine x2, Supply Depot  
  84  6:02  SCV  
  87  6:04  Barracks Reactor  
  87  6:05  SCV, Barracks Reactor  
  87  6:07  SCV  
  89  6:11  Marine  
  89  6:13  Marine  
  89  6:14  SCV  
  89  6:15  Armory  
  89  6:17  SCV  
  89  6:18  Marine  
  93  6:19  SCV  
  93  6:21  Siege Tank  
  93  6:23  Marine  
  96  6:26  SCV  
  96  6:29  SCV, Refinery  
  96  6:30  Refinery  
  96  6:31  SCV, Marine  
  100  6:33  Marine, Factory  
  100  6:36  Marine x2  
  100  6:37  Supply Depot  
  100  6:38  SCV  
  104  6:41  Marine  
  104  6:42  SCV, Marine  
  104  6:45  Combat Shields  
  107  6:47  Supply Depot  
  107  6:48  Marine  
  107  6:50  SCV, Supply Depot  
  109  6:58  Marine x2, Medivac  
  109  6:59  Siege Tank  
  116  7:03  Supply Depot  
  116  7:04  Supply Depot  
  116  7:06  Marine  
  117  7:08  Marine  
  117  7:09  SCV x2  
  117  7:11  Marine x2, Command Center  
  117  7:12  Marine x2  
  124  7:17  Marine, Factory Tech Lab  
  124  7:19  Medivac  
  124  7:22  Marine x2  
  129  7:24  Terran Infantry Weapons Level 2  
  129  7:28  Marine x2, Medivac  
  133  7:31  Marine, Supply Depot  
  133  7:32  Marine, Supply Depot  
  133  7:34  Siege Tank  
  133  7:35  Terran Infantry Armor Level 2  
  133  7:36  Marine  
  139  7:37  Marine  
  139  7:40  Terran Vehicle Weapons Level 1  
  139  7:41  Marine x2  
  139  7:43  Marine  
  143  7:46  Marine  
  143  7:48  Siege Tank, Marine  
  143  7:49  Marine  
  149  7:52  Marine  
  149  7:54  Supply Depot  
  149  7:56  Marine  
  149  7:58  Marine  
  152  8:00  Marine x2  
  152  8:02  Medivac  
  152  8:03  Marine, Medivac  
  159  8:06  Marine x2  
  159  8:08  Siege Tank  
  159  8:11  Supply Depot  
  164  8:16  Marine  
  164  8:17  Marine  
  164  8:18  Marine  
  167  8:23  SCV x2, Planetary Fortress  
  167  8:25  SCV, Marine  
  167  8:26  Marine x2  
  173  8:28  Siege Tank  
  173  8:30  Supply Depot  
  173  8:33  Refinery  
  176  8:37  Marine x3  
  176  8:39  Marine  
  174  8:42  Refinery  
  174  8:45  SCV  
  161  8:50  Marine x3  
  161  8:51  Marine  
  153  8:59  Siege Tank, Marine  
  157  9:03  Siege Tank  
  157  9:04  Marine  
  157  9:06  Marine  
  157  9:07  Marine  
  163  9:14  Marine x2  
  163  9:15  Factory  
  164  9:17  Factory  
  164  9:22  Marine x3  
  164  9:23  Marine  
  168  9:25  Marine, Medivac  
  168  9:26  Marine x2  
  168  9:31  Siege Tank  
  176  9:32  Marine x2  
  178  9:40  Marine  
  178  9:42  Marine  
  178  9:44  Marine x2  
  182  9:50  Siege Tank, Marine x3  
  182  9:51  Marine x2  
  182  9:52  Terran Infantry Weapons Level 3  
  182  9:55  Terran Infantry Armor Level 3  
  182  9:57  Marine  
  183  10:01  Marine, Factory Tech Lab x2  
  183  10:04  Terran Vehicle Weapons Level 2  
  183  10:05  Marine  
  183  10:06  Marine  
  186  10:07  Siege Tank  
  186  10:12  Marine  
  190  10:15  Marine x2  
  190  10:16  Marine  
  190  10:20  Marine  
  190  10:21  Marine  
  195  10:22  Siege Tank  
  195  10:25  Medivac  
  189  10:38  Medivac  
  189  10:40  Marine x2  
  189  10:42  Marine x2  
  151  10:46  Marine  
  151  10:47  Siege Tank, Marine x2  
  144  10:50  Siege Tank, Marine x2  
  144  10:55  Medivac  
  139  10:57  Siege Tank  
  139  10:58  Marine x2  
  139  11:00  Marine  
  139  11:01  Marine  
  143  11:06  Marine x2  
  143  11:08  Marine  
  143  11:09  Marine  
  143  11:10  Siege Tank  
  143  11:11  Marine  
  150  11:15  Command Center  
  150  11:16  Marine x2  
  150  11:18  Marine x2  
  153  11:25  Marine x2  
  155  11:29  Marine  
  152  11:37  Medivac  
  152  11:38  Marine  
  152  11:39  Marine x2  
  137  11:42  Marine x2  
  137  11:44  Marine x2  
  129  11:47  Marine x2  
  129  11:50  Liberator x2  
  122  11:54  Siege Tank x3  
  122  11:55  Marine  
  122  11:57  Marine x2  
  122  11:59  Siege Tank  
  122  12:00  Marine x2  
  136  12:02  Marine x2  
  136  12:06  Marine  
  136  12:08  Marine  
  146  12:13  Marine  
  145  12:15  Marine  
  145  12:16  Marine  
  145  12:18  Marine  
  145  12:20  Marine x2  
  145  12:21  Marine  
  151  12:24  Marine  
  151  12:25  Marine  
  151  12:26  Siege Tank x2  
  159  12:30  Planetary Fortress  
  159  12:31  Marine  
  159  12:34  Marine x2  
  159  12:36  Marine  
  163  12:38  Siege Tank, Marine  
  163  12:39  Liberator  
  163  12:41  Marine x2  
  163  12:42  Liberator  
  163  12:44  Siege Tank  
  172  12:47  Marine x2  
  172  12:49  Marine  
  175  12:52  Marine  
  175  12:54  Marine x2  
  181  13:00  Marine x2  
  181  13:05  Marine x2  
  186  13:09  Marine x2  
  186  13:10  Marine  
  186  13:11  Siege Tank  
  194  13:13  Siege Tank  
  194  13:16  Siege Tank  
  200  13:29  Barracks x2  
  200  13:30  Barracks  
Show
View Real Time Build Order
Export as new Build Order

Cham Zerg 

Build Orders: Hatch First 

Get SALT Encoding   

  12  0:00  Drone  
  13  0:09  Drone  
  14  0:16  Overlord  
  14  0:35  Drone x3  
  17  0:51  Hatchery  
  17  0:54  Drone  
  17  0:59  Drone  
  17  1:00  Extractor  
  17  1:14  Spawning Pool  
  17  1:18  Drone  
  17  1:21  Drone  
  18  1:30  Drone  
  19  1:44  Overlord  
  19  2:00  Queen  
  19  2:01  Metabolic Boost  
  21  2:02  Zergling x2  
  21  2:04  Zergling x2  
  21  2:05  Queen  
  25  2:09  Zergling x2  
  25  2:13  Overlord  
  26  2:17  Drone  
  27  2:23  Drone  
  27  2:25  Drone  
  29  2:38  Queen  
  29  2:41  Drone  
  32  2:44  Overlord  
  32  2:46  Drone  
  32  2:47  Drone  
  34  2:55  Drone  
  35  2:58  Drone  
  36  3:12  Zergling x2  
  37  3:16  Zergling x2  
  37  3:17  Drone x6  
  44  3:33  Drone x2  
  45  3:35  Hatchery  
  45  3:37  Drone  
  45  3:40  Drone  
  45  3:47  Drone x3  
  48  3:49  Overlord  
  48  3:50  Drone  
  48  3:54  Queen  
  51  3:56  Overlord  
  51  3:58  Zergling x2  
  51  4:00  Overlord  
  52  4:07  Queen  
  52  4:09  Zergling x2  
  56  4:10  Drone, Zergling x2  
  56  4:14  Drone  
  56  4:15  Drone  
  59  4:17  Drone  
  59  4:21  Drone  
  59  4:23  Overlord  
  62  4:24  Drone x2  
  62  4:27  Drone  
  64  4:35  Overlord  
  64  4:37  Drone  
  65  4:40  Spore Crawler  
  65  4:41  Spore Crawler  
  65  4:42  Spore Crawler, Queen  
  65  4:44  Drone x2  
  66  4:48  Queen  
  66  4:50  Drone, Spore Crawler  
  68  4:53  Overlord  
  68  4:55  Drone x2  
  68  4:58  Evolution Chamber  
  69  5:01  Drone, Evolution Chamber  
  69  5:03  Drone x2  
  69  5:06  Drone x2  
  73  5:10  Overlord  
  73  5:11  Drone  
  73  5:13  Drone  
  75  5:14  Drone  
  75  5:18  Drone x2  
  75  5:19  Drone  
  75  5:21  Overlord, Extractor  
  79  5:27  Zerg Ground Armor Level 1, Zerg Melee Weapons Level 1  
  78  5:28  Zergling x2  
  78  5:30  Drone x2  
  78  5:31  Drone  
  82  5:37  Extractor  
  82  5:38  Extractor  
  82  5:39  Overlord  
  82  5:42  Zergling x4  
  82  5:43  Drone x2, Zergling x2  
  82  5:46  Lair  
  82  5:49  Drone  
  86  5:51  Drone x3  
  86  5:57  Overlord  
  89  5:58  Extractor  
  89  6:00  Extractor  
  89  6:01  Baneling Nest  
  89  6:03  Drone x2  
  88  6:04  Overlord  
  86  6:13  Drone x2  
  86  6:14  Drone x2  
  86  6:15  Drone x5  
  86  6:18  Zergling x2  
  96  6:24  Overlord  
  96  6:27  Zergling x2  
  96  6:29  Zergling x6  
  96  6:32  Overlord  
  100  6:33  Overlord  
  100  6:36  Overlord  
  100  6:39  Overlord  
  100  6:40  Hatchery  
  100  6:44  Centrifical Hooks  
  100  6:45  Hydralisk Den  
  97  6:52  Zergling x2  
  97  6:53  Zergling x14  
  105  6:54  Pneumatized Carapace  
  105  6:57  Baneling x6  
  105  6:59  Baneling x3  
  105  7:00  Baneling  
  105  7:09  Baneling x3  
  105  7:12  Overlord  
  105  7:15  Muscular Augments, Hydralisk x4  
  105  7:19  Hydralisk  
  105  7:20  Hydralisk  
  117  7:23  Hydralisk  
  117  7:25  Hydralisk  
  117  7:27  Hydralisk  
  123  7:32  Hydralisk x2  
  123  7:35  Hydralisk  
  129  7:38  Hydralisk  
  129  7:42  Hydralisk  
  133  7:44  Overlord x2  
  133  7:51  Hydralisk x3  
  133  7:52  Overlord  
  133  7:55  Hydralisk x2  
  143  8:05  Baneling  
  143  8:06  Zergling x2, Baneling x4  
  143  8:07  Zergling x16  
  152  8:19  Zerg Ground Armor Level 2  
  152  8:23  Zergling x2  
  152  8:24  Zergling x20  
  152  8:25  Zergling x2  
  164  8:28  Zergling x4  
  164  8:33  Zergling x2  
  167  8:34  Zergling x4  
  167  8:35  Zergling x2  
  166  8:45  Zergling x4  
  149  8:49  Hydralisk x2  
  149  8:52  Drone x3  
  153  8:55  Drone, Infestation Pit  
  153  8:59  Drone x3  
  153  9:02  Extractor  
  155  9:03  Drone x2  
  155  9:04  Drone  
  155  9:07  Zerg Missile Weapons Level 1  
  155  9:09  Zergling x2  
  159  9:11  Baneling x10  
  159  9:12  Zergling x2  
  159  9:14  Zergling x2  
  161  9:19  Zergling x4  
  161  9:23  Zergling x2  
  164  9:25  Zergling x4  
  164  9:29  Zergling x6  
  164  9:30  Zergling x2  
  170  9:33  Zergling x2  
  170  9:38  Zergling x4  
  173  9:40  Hatchery  
  173  9:42  Zergling x2  
  163  9:51  Hive  
  148  9:53  Zergling x14  
  148  9:54  Zergling x6  
  148  9:55  Zergling x6  
  148  9:57  Zergling x2  
  162  10:09  Zergling x16  
  170  10:16  Baneling x7  
  170  10:18  Zergling x6  
  174  10:21  Zergling x4  
  174  10:23  Zergling x6  
  174  10:27  Zergling x4  
  166  10:40  Hydralisk x4  
  166  10:41  Hydralisk x4  
  152  10:42  Zergling x2  
  152  10:43  Zergling x2  
  152  10:46  Zergling x4  
  152  10:48  Zergling x4  
  152  10:49  Zergling x2  
  141  10:50  Zergling x2  
  141  10:55  Hydralisk x4  
  141  10:56  Zergling x2  
  137  11:00  Hydralisk  
  137  11:01  Hydralisk  
  137  11:03  Baneling x4  
  141  11:05  Zergling x2  
  141  11:06  Zergling x14  
  141  11:08  Adrenal Glands  
  141  11:09  Drone  
  141  11:10  Zergling x2  
  141  11:11  Ultralisk Cavern, Baneling  
  150  11:12  Baneling x6  
  150  11:14  Zergling x2  
  150  11:15  Zergling x2  
  150  11:16  Overseer  
  152  11:18  Zergling x2  
  152  11:21  Zergling x2  
  152  11:22  Zergling x2  
  152  11:24  Zergling x2  
  155  11:26  Zergling x2  
  155  11:27  Zergling x2  
  128  11:41  Hydralisk x13  
  128  11:44  Zergling x4  
  128  11:45  Zergling x2  
  136  11:47  Zergling x4  
  136  11:51  Hydralisk  
  136  11:52  Zergling x2  
  135  11:58  Zergling x8  
  135  11:59  Baneling x2  
  135  12:00  Zergling x4, Chitinous Plating  
  141  12:03  Zergling x2  
  141  12:06  Baneling x10  
  141  12:07  Zergling x2  
  143  12:10  Zergling x4  
  143  12:11  Zergling x2  
  143  12:13  Zergling x2  
  142  12:24  Zergling x2  
  142  12:25  Zergling x6  
  142  12:27  Zergling x4  
  148  12:32  Ultralisk  
  154  12:38  Ultralisk  
  154  12:40  Zergling x4  
  154  12:41  Zergling x2  
  154  12:43  Zergling x4  
  164  12:46  Zergling x2  
  164  12:47  Zergling x2  
  164  12:51  Ultralisk  
  172  12:57  Ultralisk  
  178  12:59  Zergling x4  
  178  13:00  Baneling x2  
  178  13:02  Zergling x6  
  183  13:08  Ultralisk  
  189  13:16  Ultralisk  
  193  13:27  Zergling x8  
  193  13:31  Zergling x4, Baneling  
  193  13:32  Baneling x2  
Tags
 
Add a new tag
Caveats
  • Supply blocks, unpowered buildings, or Contaminate may cause inaccurate times.
  • Supply counts are checked every 10 seconds.